 Dungeon Crawl Stone Soup version 0.28-a0-1518-gbe868bca14 (webtiles) character file.

Game seed: 12489919766614953147

457 comborobin the Ruffian (level 6, -2/55 HPs)
             Began as a Troll Brigand on Jan 17, 2022.
             Was a Believer of Zin.
             Slain by an orc warrior (6 damage)
             ... on level 5 of the Dungeon.
             The game lasted 00:02:53 (2768 turns).

comborobin the Ruffian (Troll Brigand)              Turns: 2768, Time: 00:02:54

Health: -2/55      AC:  1    Str: 20    XL:     6   Next: 77%
Magic:  14/14      EV:  9    Int:  9    God:    Zin [**....]
Gold:   186        SH:  0    Dex: 11    Spells: 5/5 levels left

rFire   . . .      SeeInvis +     - Unarmed
rCold   . . .      Faith    .   (no shield)
rNeg    . . .      Spirit   .   b - +0 robe
rPois   .          Reflect  .   (helmet restricted)
rElec   .          Harm     .   c - +0 cloak
rCorr   .          Rampage  .   (gloves unavailable)
Will    .....                   (boots unavailable)
Stlth   ++........              (no amulet)
HPRegen 0.98/turn               p - ring of magical power
MPRegen 0.14/turn               u - ring of see invisible

@: marked, corroded, on recite cooldown, invisible
A: large, unfitting armour, claws 3, regeneration 1, shaggy fur 1, tough skin 1
a: Renounce Religion, Recite, Vitalisation, Donate Gold


You were on level 5 of the Dungeon.
You worshipped Zin.
Zin was pleased with you.
You visited 1 branch of the dungeon, and saw 5 of its levels.

You collected 206 gold pieces.
You donated 20 gold pieces to Zin.

Inventory:

Hand Weapons
 a - a +2 dagger
Missiles
 d - 8 poisoned darts (quivered)
 e - 2 curare-tipped darts
 n - 3 throwing nets
Armour
 b - a +0 robe (worn)
 c - a +0 cloak (worn)
Jewellery
 p - a ring of magical power (left claw)
 q - a ring of ice
 u - a ring of see invisible (right claw)
Wands
 w - a wand of charming (8)
 x - a wand of flame (17)
Scrolls
 h - a scroll of magic mapping {unknown}
 k - a scroll of noise {unknown}
 l - a scroll of fog {unknown}
 o - a scroll of brand weapon {unknown}
 s - a scroll of identify {unknown}
 t - a scroll of enchant armour {unknown}
Potions
 g - a potion of attraction {unknown}
 i - a potion of cancellation {unknown}
 j - a potion of ambrosia {unknown}
 m - 2 potions of brilliance {unknown}
 r - a potion of curing {unknown}
 v - a potion of degeneration {unknown}


   Skills:
 - Level 1.5 Fighting
 - Level 1.5 Short Blades
 - Level 1.7 Throwing
 - Level 0.7 Dodging
 - Level 2.1 Stealth
 + Level 6.8 Unarmed Combat
 * Level 1.1 Invocations


You had 5 spell levels left.
You didn't know any spells.
Your spell library contained the following spells:

 Spells                   Type           Power      Damage    Failure   Level
 Inner Flame              Hex/Fire       0%         N/A       77%         3
 Cause Fear               Hex            0%         N/A       99%         4
 Discord                  Hex            0%         N/A       100%        8


Dungeon Overview and Level Annotations

Branches:
Dungeon (5/15)
 Temple: D:4-7

Altars:
Zin


Innate Abilities, Weirdness & Mutations

You are too large for most types of armour.
You have claws for hands.
Your natural rate of healing is unusually fast.
You are covered in fur. (AC +1)
You have tough skin. (AC +1)


Message History

Aim: an orc, wielding a +0 mace and wearing a +0 chain mail (chance to affect: 66%)
The orc is charmed.
The centaur zombie hits you but does no damage.
The centaur zombie barely misses you.
Unknown command.
You claw the centaur zombie!
The centaur zombie is moderately damaged.
The centaur zombie hits you but does no damage.
The centaur zombie kicks you but does no damage.
The orc wizard hits your orc but does no damage.
You scratch the centaur zombie.
The centaur zombie is heavily damaged.
The centaur zombie hits you but does no damage.
The centaur zombie barely misses you.
Your orc hits the orc wizard with a +0 mace.
The orc wizard barely misses your orc.
You scratch the jelly but do no damage.
Your claws burn!
The orc warrior hits you from afar with a +0 trident.
Your orc barely misses the orc wizard.
The orc wizard hits your orc but does no damage.
You claw the jelly! The acid corrodes you!
Your claws burn!
The jelly is almost dead.
You hear the slow rusting of a very distant drain.
The orc warrior hits you from afar with a +0 trident!
Your orc hits the orc wizard but does no damage.
The jelly hits you.
You are splashed with acid!
You scratch the jelly.
Your claws burn!
You claw the jelly.
You kill the jelly!
The orc wizard hits your orc but does no damage.
An ogre comes into view. It is wielding a +0 giant club.
The orc warrior hits you from afar with a +0 trident!
* * * LOW HITPOINT WARNING * * *
Your orc hits the orc wizard with a +0 mace!
Your Invocations skill increases to level 1!
Okay, then.
It was a potion of invisibility.
You fade into invisibility!
The orc wizard hits your orc but does no damage.
The orc warrior hits you from afar with a +0 trident.
You die...

##### ....# ####
.....# #...#
.....## ###....
#....#######...#
#.#..ooo@.....##
##.#...###......##
#....####oo......##
##.#.##
##.........##
#....#
##...........##
#...##
#.....)$......#
#..##
#.>...O......<.#
##.##
#...............
##..#
#......)......##.


You could see an orc warrior, an ogre, an orc wizard (ally target), an orc and a
friendly orc (charmed).

Vanquished Creatures
  A black bear (D:4)
  2 jellies
  Jessica (D:3)
  2 iguanas (D:4)
  A hound skeleton (D:4)
  4 gnolls (D:2)
  A howler monkey skeleton (D:4)
  9 adders
  An ufetubus (D:5)
  A worm (D:5)
  A dart slug (D:2)
  4 orcs
  6 ball pythons
  5 endoplasms
  2 giant cockroaches (D:2)
  6 goblins
  5 hobgoblins
  7 jackals (D:1)
  9 kobolds
  2 quokkas
  5 bats
  2 frilled lizards
  3 rats
80 creatures vanquished.

Notes
Turn   | Place    | Note
-------+----------+-------------------------------------------
     0 | D:1      | comborobin the Troll Brigand began the quest for the Orb.
     0 | D:1      | Reached XP level 1. HP: 19/19 MP: 0/0
    56 | D:1      | Reached skill level 1 in Unarmed Combat
    90 | D:1      | Reached XP level 2. HP: 25/27 MP: 1/1
   180 | D:1      | Reached skill level 2 in Unarmed Combat
   492 | D:1      | Reached XP level 3. HP: 33/33 MP: 2/2
   536 | D:2      | Found a faded altar of an unknown god.
   583 | D:2      | Reached skill level 3 in Unarmed Combat
   678 | D:2      | Reached XP level 4. HP: 35/41 MP: 3/3
   721 | D:2      | Reached skill level 4 in Unarmed Combat
  1077 | D:2      | Reached XP level 5. HP: 48/48 MP: 4/4
  1252 | D:3      | Noticed Jessica
  1256 | D:3      | Killed Jessica
  1257 | D:3      | Reached skill level 5 in Unarmed Combat
  2105 | D:4      | Noticed a black bear
  2115 | D:4      | Killed a black bear
  2116 | D:4      | Reached skill level 6 in Unarmed Combat
  2116 | D:4      | Reached XP level 6. HP: 22/55 MP: 5/5
  2297 | D:4      | Found a glowing silver altar of Zin.
  2338 | D:4      | Became a worshipper of Zin the Law-Giver
  2338 | D:4      | Reached * piety under Zin
  2613 | D:5      | Entered Level 5 of the Dungeon
  2650 | D:5      | Reached ** piety under Zin
  2754 | D:5      | Noticed an orc warrior
  2768 | D:5      | Reached skill level 1 in Invocations
  2768 | D:5      | Slain by an orc warrior

Illustrated notes

Levels and vault maps discovered:
D:1:      dpeg_arrival_windows_large_door, layout_loops_corners,
          serial_co_window_serial, co_window_corner_a,
          co_window_of_opportunity_a, co_window_paths_a, co_window_paths_a,
          co_window_corner_a, co_window_of_opportunity_a, co_window_paths_a,
          co_window_unsneaky_path_b, co_window_of_opportunity_c,
          co_window_unsneaky_path_e, co_window_cross_4, co_window_broadway_b,
          co_window_paths_d, glass_columns_a, glass_columns_b, glass_columns_a,
          glass_columns_b, minmay_pentomino_q2
D:2:      layout_loops_ring, hellmonk_ecumenical_altar_zigzags
D:3:      layout_basic, uniq_jessica
D:4:      layout_basic, zin_statuary, minivault_26, kennysheep_generic_room_8
D:5:      layout_cave_pods, tso_oasis_becter, portal_sewer_entry_b

Skill      XL: |  1  2  3  4  5  6 |
---------------+-------------------+-----
Unarmed Combat | 1 2 3 4 6 |  6.8
Invocations    | 1 |  1.1
Fighting       | |  1.5
Short Blades   | |  1.5
Throwing       | |  1.7
Dodging        | |  0.7
Stealth        | |  2.1

Action                   |  1- 3 |  4- 6 || total
-------------------------+-------+-------++-------
Melee: Unarmed           |    81 |   119 ||   200
       Punch             |     4 |     4 ||     8
Invok: Recite            |       |     1 ||     1
Evoke: Wand              |       |     1 ||     1
  Use: Potion            |       |     1 ||     1
 Stab: Sleeping          |     2 |    10 ||    12
Armor: Robe              |    29 |    47 ||    76
Dodge: Dodged            |    40 |    60 ||   100

Table legend: (Time is in decaauts)
 A = Elapsed time spent in this place.
 B = Non-inter-level travel time spent in this place.
 C = Inter-level travel time spent in this place.
 D = Time resting spent in this place.
 E = Time spent auto-exploring this place.
 F = Levels seen in this place.
 G = Mean time per level.
                   A        B        C        D        E       F      G
               +--------+--------+--------+--------+--------+-----+--------+
         Total |   2749 |   2663 |     86 |     99 |   2009 |   5 |  549.8 |
       Dungeon |   2749 |   2663 |     86 |     99 |   2009 |   5 |  549.8 |
               +--------+--------+--------+--------+--------+-----+--------+

Top non-repeatable levels by time:
     D:3: 912 daAuts
     D:2: 649 daAuts
     D:1: 526 daAuts
     D:4: 508 daAuts
     D:5: 153 daAuts
